 Dungeon Crawl Stone Soup version 0.17.1-3-g152610e (webtiles) character file.

805 Urist the Bolt Thrower (level 7, 0/36 HPs)
             Began as a Spriggan Wanderer on Apr 12, 2016.
             Was a Believer of Nemelex Xobeh.
             Shot with an arrow by a centaur (14 damage)
             ... on level 5 of the Dungeon.
             The game lasted 00:16:05 (3518 turns).

Urist the Bolt Thrower (Spriggan Wanderer)          Turns: 3518, Time: 00:16:05

Health: 0/36       AC:  2    Str:  7      XL:     7   Next: 60%
Magic:  10/10      EV: 20    Int: 15      God:    Nemelex Xobeh [**....]
Gold:   211        SH:  0    Dex: 18 (19) Spells: 0 memorised, 6 levels left

rFire  . . .     SeeInvis +     a - +2 hand crossbow
rCold  . . .     Clarity  .     e - +0 robe
rNeg   . . .     SustAt   .     (shield restricted)
rPois  .         Gourm    .     (helmet restricted)
rElec  .         Spirit   .     (no cloak)
rCorr  .         Warding  .     (gloves unavailable)
rMut   .         Stasis   .     (boots unavailable)
MR     +....                    (no amulet)
Stlth  ++........               (no ring)
                                q - +3 ring of slaying

@: very quick, somewhat resistant to hostile enchantments, unstealthy
A: unfitting armour, see invisible, clever 1, deterioration 1, herbivore 3,
speed 3, slow metabolism 2
a: Renounce Religion


You were on level 5 of the Dungeon.
You worshipped Nemelex Xobeh.
Nemelex Xobeh was pleased with you.
You were full.

You visited 1 branch of the dungeon, and saw 5 of its levels.

You collected 211 gold pieces.

Inventory:

Hand Weapons
 a - a +2 hand crossbow (weapon)
Missiles
 i - 12 steel bolts (quivered)
Armour
 e - a +0 robe (worn)
Jewellery
 j - an uncursed ring of poison resistance
 q - a +3 ring of slaying (left hand)
Scrolls
 d - 3 scrolls of teleportation
 g - a scroll of blinking
 h - a scroll of noise {unknown}
 l - 2 scrolls of magic mapping {unknown}
 v - 2 scrolls of enchant weapon {unknown}
 x - a scroll of identify
Potions
 c - a potion of lignification
 k - a potion of might {unknown}
 m - a potion of brilliance
 p - 3 potions of resistance
 r - a potion of poison {unknown}
 s - a potion of mutation
 u - a potion of agility
Miscellaneous
 b - a plain deck of war
 t - a plain deck of escape {Warpwright}
 w - a plain deck of escape
Comestibles
 f - 3 bread rations
 n - 13 fruits


   Skills:
 + Level 3.3 Fighting
   Level 1.2 Bows
 + Level 7.7 Crossbows
 + Level 4.8 Dodging
 + Level 2.1 Stealth
 + Level 2.6 Evocations


You had 6 spell levels left.
You didn't know any spells.

Dungeon Overview and Level Annotations

Branches:
Dungeon (5/15)
 Temple: D:4-7

Altars:
Dithmenos
Fedhas
Nemelex Xobeh
Sif Muna
Yredelemnul


Innate Abilities, Weirdness & Mutations

You are tiny and cannot use many weapons and most armour.
You have supernaturally acute eyesight.
You are a herbivore.
You cover ground extremely quickly.
You need consume almost no food.
Your mind is acute. (Int +2)
Your body sometimes deteriorates upon taking damage.


Message History

The centaur shouts!
The centaur wields a shortbow.
The centaur shoots an arrow.
The arrow barely misses you.
Things that are here:
an arrow; a steel bolt Firing (i - inventory. (,) - cycle):
o - a bolt (quivered)
Press: ? - help, Shift-Dir - straight line, f - centaur
Aim: a centaur, wielding a shortbow You shoot a bolt.
The bolt hits the centaur.
The centaur is lightly wounded.
The centaur shoots an arrow.
The arrow hits you!!
Ouch! That really hurt!
Firing (i - inventory):
i - 13 steel bolts (quivered)
Press: ? - help, Shift-Dir - straight line, f/p - centaur
Aim: a centaur, wielding a shortbow (lightly wounded)
You shoot a steel bolt. The steel bolt hits the centaur!
The centaur is almost dead.
The centaur shoots an arrow.
The arrow hits you!
You die...
Your body glows slightly and disappears.

..((.. ##..#..(.....#
......#####=......####..
#.........##.).##
##....#..###.##.# #
##..##..# ##...# #.
#..#..## ##..#
#.##......# ####
#.........##.
#)...@.......
#..(.(........
#............#
.....#.........#
..............#.
.####..........c(
#........##.. #.......##
#.


You could see a centaur.

Vanquished Creatures
  2 ogres (D:5)
  A necrophage (D:5)
  Blork the orc (D:4)
  2 crimson imps (D:5)
  A centaur zombie (D:3)
  A giant frog skeleton (D:4)
  An orc priest (D:3)
  A hound (D:5)
  A centaur skeleton (D:5)
  2 worker ants
  A hound skeleton (D:4)
  3 gnolls (D:5)
  7 adders
  3 worms
  4 giant geckos
  6 orcs
  8 bats
  7 giant cockroaches
  3 hobgoblins
  5 jackals
  3 quokkas
  A ball python (D:3)
  5 giant newts
  9 goblins
  11 kobolds
  A quokka zombie (D:5)
  9 rats
99 creatures vanquished.

Notes
Turn   | Place    | Note
--------------------------------------------------------------
     0 | D:1      | Urist the Spriggan Wanderer began the quest for the Orb.
     0 | D:1      | Urist set off with: a +2 hand crossbow, 20 bolts, a potion of lignification, a scroll of teleportation, a +0 robe, a bread ration
     0 | D:1      | Reached XP level 1. HP: 11/11 MP: 3/3
   217 | D:1      | Reached XP level 2. HP: 16/16 MP: 5/5
   869 | D:2      | Reached XP level 3. HP: 20/20 MP: 6/6
   939 | D:2      | Found a faded altar to an unknown god.
  1136 | D:2      | Found a sparkling altar of Nemelex Xobeh.
  1142 | D:2      | Became a worshipper of Nemelex Xobeh the Trickster
  1208 | D:2      | Reached XP level 4. HP: 10/24 MP: 7/7
  1375 | D:2      | Found a deep blue altar of Sif Muna.
  1555 | D:3      | Received a gift from Nemelex Xobeh
  1679 | D:3      | Reached skill level 4 in Crossbows
  1738 | D:3      | Reached XP level 5. HP: 22/28 MP: 8/8
  1858 | D:3      | Gained mutation: Your mind is acute. (Int +2) [potion of mutation]
  1858 | D:3      | Gained mutation: Your body sometimes deteriorates upon taking damage. [potion of mutation]
  2016 | D:3      | Reached * piety under Nemelex Xobeh
  2145 | D:3      | Found a shadowy altar of Dithmenos.
  2349 | D:4      | Found a basalt altar of Yredelemnul.
  2365 | D:4      | Reached skill level 5 in Crossbows
  2365 | D:4      | Reached skill level 1 in Stealth
  2482 | D:4      | Found a blossoming altar of Fedhas.
  2543 | D:4      | Noticed Blork the orc
  2556 | D:4      | Killed Blork the orc
  2556 | D:4      | Reached XP level 6. HP: 24/32 MP: 9/9
  2769 | D:5      | Entered Level 5 of the Dungeon
  2823 | D:5      | Received a gift from Nemelex Xobeh
  2834 | D:5      | Reached skill level 6 in Crossbows
  2956 | D:5      | Reached ** piety under Nemelex Xobeh
  2972 | D:5      | Reached XP level 7. HP: 25/36 MP: 10/10
  3004 | D:5      | Reached skill level 7 in Crossbows
  3511 | D:5      | Received a gift from Nemelex Xobeh
  3518 | D:5      | Shot with an arrow by a centaur

Action                   |  1- 3 |  4- 6 |  7- 9 || total
-------------------------+-------+-------+-------++-------
 Fire: Hand crossbow     |    96 |   131 |    44 ||   271
  Use: Scroll            |       |     3 |     1 ||     4
       Potion            |       |     8 |       ||     8
  Eat: Royal jelly       |       |     1 |       ||     1
       Fruit             |       |     1 |       ||     1
       Pizza             |       |     1 |       ||     1
